 Dungeon Crawl Stone Soup version 0.29.0-4-gdea44cf6ec (webtiles) character file.

Game seed: 13933175017266338337

70 qw the Chopper (level 4, -8/39 HPs)
             Began as a Minotaur Berserker on Sept 9, 2022.
             Was a Believer of Trog.
             Mangled by Sigmund
             ... wielding a +0 scythe
              (10 damage)
             ... on level 2 of the Dungeon.
             The game lasted 00:00:29 (1435 turns).

qw the Chopper (Minotaur Berserker)                 Turns: 1435, Time: 00:00:29

Health: -8/39      AC:  3    Str: 23    XL:     4   Next: 3%
Magic:  3/3        EV: 11    Int:  4    God:    Trog [**....]
Gold:   54         SH:  0    Dex: 10    Spells: 3/3 levels left

rFire   . . .      SeeInvis .   Y - +0 hand axe
rCold   . . .      Faith    .   (no shield)
rNeg    . . .      Spirit   .   e - +0 leather armour
rPois   .          Reflect  .   (helmet restricted)
rElec   .          Harm     .   (no cloak)
rCorr   .          Rampage  .   (no gloves)
Will    .....                   (no boots)
Stlth   +.........              (no amulet)
HPRegen 0.13/turn               (no ring)
MPRegen 0.08/turn               (no ring)

@: on berserk cooldown, slowed, very slow
A: horns 2, retaliatory headbutt
a: Renounce Religion, Berserk, Trog's Hand


You were on level 2 of the Dungeon.
You worshipped Trog.
Trog was pleased with you.
You visited 1 branch of the dungeon, and saw 2 of its levels.

You collected 54 gold pieces.


Innate Abilities, Weirdness & Mutations

You have a pair of horns on your head.
You reflexively headbutt those who attack you in melee.


   Skills:
 - Level 3.6 Fighting
 + Level 6.0 Axes
 - Level 2.4 Armour
 - Level 2.1 Dodging


You had 3 spell levels left.
You didn't know any spells.
Your spell library was empty.

Inventory:

Hand Weapons
 c - a +0 flail
 Y - a +0 hand axe (weapon)
Armour
 a - a +0 ring mail
 e - a +0 leather armour (worn)
Scrolls
 h - 2 scrolls of enchant armour
Potions
 g - a potion of degeneration {unknown}

Dungeon Overview and Level Annotations

Branches:
Dungeon (2/15)

Altars:

Annotations:
D:2 Sigmund


Message History

Trog accepts your kill.
Found a stone staircase leading down.
h - 2 scrolls of enchant armour (gained 1)
Found an escape hatch in the ceiling.
Sigmund the Dreaded comes into view.
He is wielding a +0 scythe and wearing a +1 robe of willpower.
Sigmund shouts!
1422 ||| Stepping ~*~*~tactically~*~*~ (hiding).
You start waiting.
Sigmund is nearby!
1424 ||| Stepping ~*~*~tactically~*~*~ (hiding).
Sigmund points at you and mumbles some strange words.
The magic dart hits you!
You see here 17 gold pieces.
1426 ||| INVOKING Berserk.
A red film seems to cover your vision as you go berserk!
You feel yourself moving faster!
You feel mighty!
Sigmund gestures wildly while chanting.
Sigmund flickers and vanishes!
Deactivating autopickup; reactivate with Ctrl-A.
You swing at nothing.
You feel a strong urge to attack something.
You swing at nothing.
Something hits you.
You swing at nothing.
You feel your anger nearly subside.
You are no longer berserk.
You are exhausted.
You feel yourself slow down.
You swing at nothing.
Something hits you!
You swing at nothing.
Something hits you!
A kobold comes into view. It is wielding a +0 short sword.
The kobold shouts!
Something hits you. Something hits you but does no damage. Something hits you.
The kobold hits you with a +0 short sword.
You closely miss the kobold. Something hits you!
You die...

.... ........ .......#
........ .......#
........ .......#
#....... ...#.# ###.....
#.#.####.......... #
###.{......######...
#...#....#$### ###.....
#....K@.....####...#...
#.......................
.................##...#.
........................
...............##..###..
...............#..## ###
.....<.........#.## #.
#.............#..# #>
....#.....##.## #.


You could see a kobold.

Vanquished Creatures
  A gnoll (D:1)
  3 adders (D:1)
  9 ball pythons
  4 endoplasms (D:1)
  3 goblins (D:1)
  2 hobgoblins
  2 quokkas
  4 bats
  2 frilled lizards
  2 kobolds (D:1)
  2 rats (D:1)
34 creatures vanquished.

Vanquished Creatures (others)
  3 plants (D:1)
3 creatures vanquished.

Grand Total: 37 creatures vanquished

Notes
Turn   | Place    | Note
-------+----------+-------------------------------------------
     0 | D:1      | qw the Minotaur Berserker began the quest for the Orb.
     0 | D:1      | Reached XP level 1. HP: 19/19 MP: 0/0
     0 | D:1      | 0 ||| qw: Version: 0.1-a-113-g051387a
     0 | D:1      | 0 ||| qw: Game counter: 7238
     0 | D:1      | 0 ||| qw: Always use a shield: true
     0 | D:1      | 0 ||| qw: Do Orc after D:15 true
     0 | D:1      | 0 ||| qw: Do second Lair branch before Depths: true
     0 | D:1      | 0 ||| qw: Lair rune preference: random
     0 | D:1      | 0 ||| qw: Plans: Normal
     0 | D:1      | 0 ||| PLANNING D:1-11
    75 | D:1      | 75 ||| INVOKING Berserk.
    80 | D:1      | Reached skill level 4 in Axes
    80 | D:1      | Reached XP level 2. HP: 26/26 MP: 1/1
    90 | D:1      | 90 ||| Stepping ~*~*~tactically~*~*~ (stealth).
   213 | D:1      | 213 ||| INVOKING Berserk.
   446 | D:1      | Reached skill level 5 in Axes
   665 | D:1      | 665 ||| Stepping ~*~*~tactically~*~*~ (stealth).
   669 | D:1      | Reached XP level 3. HP: 31/31 MP: 2/2
   674 | D:1      | Found a faded altar of an unknown god.
   868 | D:1      | 868 ||| UPGRADING to +0 leather armour.
   878 | D:1      | 878 ||| DROPPING +0 animal skin.
   879 | D:1      | 879 ||| READING scroll labelled YSECYN LODUA.
   880 | D:1      | 880 ||| READING scroll labelled YNEWNUMEMO.
   881 | D:1      | 881 ||| READING 2 scrolls labelled QOTEHOALOMES.
   882 | D:1      | 882 ||| Stepping randomly (stuck).
   883 | D:1      | 883 ||| Stepping ~*~*~tactically~*~*~ (cloud).
  1071 | D:2      | 1071 ||| STAIRDANCE
  1076 | D:1      | Reached ** piety under Trog
  1251 | D:2      | 1251 ||| STAIRDANCE
  1338 | D:2      | Reached XP level 4. HP: 36/39 MP: 3/3
  1362 | D:2      | Reached skill level 6 in Axes
  1421 | D:2      | Noticed Sigmund
  1422 | D:2      | 1422 ||| Stepping ~*~*~tactically~*~*~ (hiding).
  1424 | D:2      | 1424 ||| Stepping ~*~*~tactically~*~*~ (hiding).
  1426 | D:2      | 1426 ||| INVOKING Berserk.
  1432 | D:2      | HP: 6/39 [something (4)]
  1434 | D:2      | HP: 2/39 [kobold/+0 short sword (1)]
  1435 | D:2      | Mangled by Sigmund

Levels and vault maps discovered:
D:1:      psy_arrival_terrarium, layout_rooms,
          dreamdust_ecumenical_altar_hidden_monk_grotto, minmay_tromino_v7
D:2:      layout_rooms, serial_shops, nicolae_square_shop,
          kennysheep_big_empty_room, minmay_indecisive_spiral, uniq_jessica,
          uniq_crazy_yiuf_cottage, uniq_sigmund

Skill      XL: |  1  2  3  4 |
---------------+-------------+-----
Axes           | 4 5 6 |  6.0
Fighting       | |  3.6
Armour         | |  2.4
Dodging        | |  2.1

Action                   |  1- 3 |  4- 6 || total
-------------------------+-------+-------++-------
Melee: Hand axe          |    61 |     2 ||    63
       Headbutt          |    11 |       ||    11
Invok: Berserk           |     2 |     1 ||     3
  Use: Scroll            |     3 |       ||     3
Armor: Animal skin       |     7 |       ||     7
       Leather armour    |     7 |     1 ||     8
Dodge: Dodged            |    47 |     1 ||    48

Table legend:
 A = Non-vault XP
 B = Vault XP
 C = Vault XP percentage of total XP
 D = Non-vault monster count
 E = Vault monster count
 F = Vault count percentage of total count
                 A         B        C        D         E       F
            +---------+---------+-------+---------+---------+-------
      Total |      97 |       3 |   3.0 |      32 |       2 |   5.9
            +---------+---------+-------+---------+---------+-------
        D:1 |      82 |       3 |   3.5 |      22 |       2 |   8.3
        D:2 |      15 |       0 |   0.0 |      10 |       0 |   0.0
            +---------+---------+-------+---------+---------+-------
